Map: Apotheosis LE

Players

Neeb - Winner!

  • Race: Protoss Protoss

TooDming

  • Race: Zerg Zerg

Event: IEM Season 11 - Shanghai

VOD

Have the link to the VOD?

Description

Time

  • Played on: July 27, 2016, 9:51 a.m.
  • Length: 7:25

All games in this series

Show
View Real Time Build Order
Export as new Build Order

Neeb Protoss - Winner!

Build Orders: 1 Gate Expand, Mass Adepts 

Get SALT Encoding   

  12  0:00  Probe (Chrono Boost)  
  13  0:11  Probe (Chrono Boost)  
  14  0:20  Pylon  
  14  0:22  Probe (Chrono Boost)  
  15  0:38  Probe (Chrono Boost)  
  15  0:39  Gateway  
  16  0:49  Probe (Chrono Boost)  
  17  0:52  Assimilator  
  17  1:00  Probe (Chrono Boost)  
  18  1:10  Probe (Chrono Boost)  
  19  1:24  Nexus  
  19  1:27  Probe (Chrono Boost)  
  20  1:37  Cybernetics Core  
  21  1:40  Probe (Chrono Boost)  
  21  1:47  Assimilator  
  21  1:50  Probe (Chrono Boost)  
  22  1:57  Pylon  
  22  2:01  Probe (Chrono Boost)  
  23  2:05  Warp Gate  
  23  2:11  Adept  
  26  2:17  Probe (Chrono Boost)  
  26  2:29  Probe (Chrono Boost), Twilight Council  
  27  2:36  Probe (Chrono Boost)  
  28  2:39  Adept  
  30  2:46  Probe x2 (Chrono Boost)  
  32  2:52  Resonating Glaives  
  32  2:56  Pylon  
  32  2:57  Probe (Chrono Boost)  
  34  2:58  Probe (Chrono Boost)  
  34  3:16  Gateway  
  34  3:19  Gateway  
  34  3:22  Gateway  
  34  3:27  Gateway  
  34  3:32  Gateway  
  36  3:35  Probe x2 (Chrono Boost)  
  36  3:46  Pylon  
  36  3:47  Probe (Chrono Boost)  
  36  3:48  Probe (Chrono Boost)  
  38  3:59  Probe (Chrono Boost)  
  41  4:04  Mothership Core (Chrono Boost)  
  42  4:10  Adept x2  
  42  4:11  Probe (Chrono Boost)  
  42  4:14  Adept  
  48  4:19  Pylon  
  48  4:20  Adept, Pylon  
  48  4:23  Probe (Chrono Boost), Adept, Pylon  
  48  4:24  Probe (Chrono Boost)  
  54  4:41  Adept x2  
  54  4:42  Adept x3  
  63  4:47  Probe x2 (Chrono Boost)  
  61  4:59  Probe x2 (Chrono Boost)  
  63  5:03  Adept x5  
  63  5:04  Adept  
  75  5:11  Probe (Chrono Boost)  
  75  5:12  Probe (Chrono Boost)  
  75  5:16  Robotics Facility  
  75  5:23  Probe (Chrono Boost)  
  75  5:26  Adept x2  
  60  5:29  Adept  
  60  5:33  Probe (Chrono Boost)  
  53  5:35  Probe (Chrono Boost)  
  50  5:45  Adept x2  
  52  5:50  Adept  
  53  6:03  Probe x2 (Chrono Boost)  
  55  6:04  Adept  
  55  6:05  Adept  
  59  6:13  Adept  
  59  6:15  Probe (Chrono Boost)  
  59  6:18  Probe (Chrono Boost)  
  63  6:22  Adept x3  
  64  6:28  Probe (Chrono Boost)  
  64  6:30  Probe (Chrono Boost)  
  49  6:40  Probe (Chrono Boost)  
  50  6:49  Adept x2  
  50  6:51  Adept x2  
  50  6:53  Adept  
  59  6:57  Adept  
  59  7:00  Probe x2 (Chrono Boost)  
  63  7:12  Probe (Chrono Boost)  
  63  7:13  Probe (Chrono Boost)  
Show
View Real Time Build Order
Export as new Build Order

TooDming Zerg 

Build Orders: 3 Hatch before Pool 

Get SALT Encoding   

  12  0:00  Drone  
  13  0:13  Overlord  
  13  0:17  Drone  
  14  0:31  Drone x2  
  16  0:36  Drone  
  17  0:52  Hatchery  
  17  0:56  Drone  
  17  0:59  Drone  
  18  1:20  Hatchery  
  18  1:23  Drone  
  18  1:26  Drone  
  18  1:30  Drone  
  20  1:38  Extractor  
  19  1:45  Spawning Pool  
  18  1:47  Drone  
  18  1:51  Drone  
  20  2:03  Drone  
  20  2:04  Drone  
  22  2:11  Drone  
  22  2:15  Drone  
  24  2:31  Queen x2  
  24  2:32  Queen  
  30  2:37  Metabolic Boost  
  30  2:44  Zergling x2  
  30  2:45  Zergling x2  
  30  2:47  Zergling x2  
  33  2:52  Zergling x2  
  34  3:00  Overlord x2  
  34  3:13  Evolution Chamber  
  34  3:19  Zergling x6  
  36  3:21  Drone x3  
  36  3:22  Drone x3  
  42  3:30  Overlord  
  42  3:40  Drone x2  
  42  3:41  Drone  
  45  3:43  Overlord  
  45  3:48  Zergling x8  
  48  4:07  Zergling x16  
  48  4:09  Zergling x2  
  56  4:12  Zergling x2  
  56  4:13  Zergling x2  
  58  4:20  Baneling Nest  
  57  4:26  Zergling x2  
  57  4:27  Zergling x10  
  63  4:34  Zergling x4  
  65  4:44  Zergling x2  
  65  4:45  Zergling x8  
  65  4:47  Overlord  
  65  4:50  Zergling x4  
  59  4:57  Zergling x12  
  64  5:07  Baneling x9  
  64  5:08  Zergling x6  
  64  5:09  Zergling x2  
  64  5:11  Zergling x2  
  64  5:13  Zergling x2  
  70  5:19  Zergling x2  
  59  5:24  Zergling x6  
  53  5:31  Zergling x14  
  53  5:33  Zergling x2  
  53  5:35  Baneling x3  
  53  5:40  Zergling x4  
  48  5:44  Zergling x4  
  48  5:46  Zergling x2  
  48  5:47  Zergling x2  
  42  5:53  Zergling x2  
  42  5:55  Baneling  
  41  5:59  Zergling x6  
  44  6:05  Overlord  
  44  6:08  Zergling x4  
  44  6:10  Zergling x2  
  47  6:16  Zergling x4  
  48  6:20  Zergling x2  
  48  6:22  Zergling x2  
  45  6:30  Drone  
  45  6:32  Extractor  
  42  6:34  Drone  
  42  6:35  Drone x3  
  43  6:42  Drone  
  45  6:47  Drone  
  43  7:00  Zergling x4  
  44  7:01  Spine Crawler  
  44  7:08  Zergling x8  

Tags
 
Add a new tag
Caveats
  • Supply blocks, unpowered buildings, or Contaminate may cause inaccurate times.
  • Supply counts are checked every 10 seconds.